 Dungeon Crawl Stone Soup version 0.28.0 (webtiles) character file.

Game seed: 6545134808681645858

8 Morbidden the Conjurer (level 2, 0/19 HPs)
             Began as a Demonspawn Conjurer on Feb 16, 2022.
             Slain by a rat (1 damage)
             ... on level 1 of the Dungeon.
             The game lasted 00:00:37 (195 turns).

Morbidden the Conjurer (Demonspawn Conjurer)         Turns: 195, Time: 00:00:37

Health: 0/19       AC:  2    Str:  7    XL:     2   Next: 0%
Magic:  1/5        EV: 12    Int: 19    God:
Gold:   0          SH:  0    Dex: 11    Spells: 4/5 levels left

rFire   . . .      SeeInvis .   (no weapon)
rCold   . . .      Faith    .   (no shield)
rNeg    . . .      Spirit   .   a - +0 robe
rPois   .          Reflect  .   (helmet restricted)
rElec   .          Harm     .   (no cloak)
rCorr   .          Rampage  .   (no gloves)
Will    .....                   (no boots)
Stlth   ++........              (no amulet)
HPRegen 0.06/turn               (no ring)
MPRegen 0.09/turn               (no ring)

@: no status effects
A: horns 1
a: no special abilities


You were on level 1 of the Dungeon.
You visited 1 branch of the dungeon, and saw 1 of its levels.

Inventory:

Armour
 a - a +0 robe (worn)
Potions
 b - a potion of heal wounds {unknown}


   Skills:
 + Level 1.7 Dodging
 + Level 1.7 Stealth
 * Level 2.1 Spellcasting
 * Level 4.3 Conjurations


You had 4 spell levels left.
You knew the following spells:

 Your Spells              Type           Power      Damage    Failure   Level
a - Magic Dart            Conj           72%        1d6       2%          1

Your spell library contained the following spells:

 Spells                   Type           Power      Damage    Failure   Level
 Searing Ray              Conj           36%        2d5       4%          2
 Dazzling Flash           Conj/Hex       20%        N/A       21%         3
 Fulminant Prism          Conj/Hex       5%         3d7       56%         4
 Iskenderun's Mystic Bla  Conj/Tloc      10%        2d4       56%         4


Dungeon Overview and Level Annotations

Branches:
Dungeon (1/15)

Altars:


Innate Abilities, Weirdness & Mutations

You have a pair of small horns on your head.


Message History

The hobgoblin hits you.
Throw: 2 darts (poison)
Press: ? - help, Q - select action, (/) - cycle Shift-Dir - straight line, f/p - hobgoblin
Aim: a hobgoblin (heavily wounded, 54% to hit)
You throw a poisoned dart.
The poisoned dart barely misses the hobgoblin.
The poisoned dart closely misses the ball python.
The poisoned dart closely misses the rat.
The hobgoblin hits you.
* * * LOW HITPOINT WARNING * * *
Unknown command.
Throw: dart (poison)
Press: ? - help, Q - select action, (/) - cycle Shift-Dir - straight line, f/p - hobgoblin
Aim: a hobgoblin (heavily wounded, 54% to hit)
You throw a poisoned dart. The poisoned dart hits the hobgoblin.
The hobgoblin is poisoned.
The hobgoblin is heavily wounded.
The hobgoblin completely misses you.
You kill the hobgoblin!
You have reached level 2!
Your demonic ancestry asserts itself...
A pair of horns grows on your head!
A quokka comes into view.
The rat looks more healthy.
The ball python closely misses you. The ball python misses you.
Casting: Magic Dart (safe; 2% risk of failure)
Confirm with . or Enter, or press ? or * to list all spells.
Aiming: Magic Dart (safe; 2% risk of failure)
Press: ? - help, Shift-Dir - straight line, f - ball python
Aim: a ball python (100% to hit)
The magic dart hits the ball python.
The ball python is moderately wounded.
The ball python closely misses you. The ball python grabs you.
The ball python constricts you.
Unknown command.
You escape the ball python's grasp.
The rat bites you.
* * * LOW HITPOINT WARNING * * *
The ball python closely misses you. The ball python misses you.
The rat bites you.
You die...

# ### # #.# # ####.#
##############r.@.#######
...............SrK.......
#################.######
##..###.## ##.###....#
##..##...# #...##.##.#
....##...###...##.# .## #
....#.)#..#..#..#(##.. .#
....#.###.#.###.#(##.#
..# # ......# #...#
#..(##.##..#.#


You could see a quokka, a ball python, a kobold and a rat.

Vanquished Creatures
  2 goblins (D:1)
  A hobgoblin (D:1)
  2 kobolds (D:1)
  A quokka (D:1)
6 creatures vanquished.

Notes
Turn   | Place    | Note
-------+----------+-------------------------------------------
     0 | D:1      | Morbidden the Demonspawn Conjurer began the quest for the
                  | Orb.
     0 | D:1      | Reached XP level 1. HP: 13/13 MP: 3/3
   188 | D:1      | Gained mutation: You have a pair of small horns on your
                  | head. [demonic ancestry]
   188 | D:1      | Reached XP level 2. HP: 2/19 MP: 1/5
   195 | D:1      | Slain by a rat

Illustrated notes

Levels and vault maps discovered:
D:1:      mrwooster_arrival_arrow, layout_basic, eino_curves_03,
          dk_noncrumbling_4, roderic_malta_cross

Action                   || total
-------------------------++-------
Melee: Unarmed           ||     2
Throw: Dart              ||     6
 Cast: Magic Dart        ||    11
Dodge: Dodged            ||     9
